 Dungeon Crawl Stone Soup version 0.22-b1-21-g5cfc168 (webtiles) character file.

58 letownia2 the Insei (level 3, -4/26 HPs)
             Began as a Demonspawn Transmuter on Aug 5, 2018.
             Slain by a leopard gecko (5 damage)
             ... on level 2 of the Dungeon.
             The game lasted 00:03:12 (540 turns).

letownia2 the Insei (Demonspawn Transmuter)          Turns: 540, Time: 00:03:12

Health: -4/26      AC:  5    Str: 11    XL:     3   Next: 75%
Magic:  1/6        EV: 12    Int: 14    God:
Gold:   40         SH:  4    Dex: 13    Spells: 0/6 levels left

rFire    . . .     SeeInvis .     - Unarmed
rCold    . . .     Gourm    .   (no shield)
rNeg     . . .     Faith    .   l - +0 leather armour
rPois    .         Spirit   .   (no helmet)
rElec    .         Reflect  +   (no cloak)
rCorr    .         Harm     .   (no gloves)
MR       .....                  (no boots)
Stlth    +.........             f - +4 amulet of reflection
HPRegen  0.08/turn              (no ring)
MPRegen  0.10/turn              (no ring)

@: flying, very slightly contaminated
A: thin metallic scales 1, powered by pain 1
a: no special abilities


You were on level 2 of the Dungeon.
You were not hungry.

You visited 1 branch of the dungeon, and saw 3 of its levels.

You collected 40 gold pieces.

Inventory:

Hand Weapons
 k - a +0 hunting sling
Missiles
 a - 11 arrows
 h - 23 bolts
 q - 3 javelins (quivered)
Armour
 b - a +0 robe
 l - a +0 leather armour (worn)
Jewellery
 f - a +4 amulet of reflection (around neck)
Scrolls
 c - 4 scrolls of identify {unknown}
 e - a scroll of teleportation {unknown}
 n - a scroll of fog {unknown}
 p - a scroll of enchant weapon {unknown}
Potions
 g - 2 potions of flight
 j - a potion of curing {unknown}
 m - a potion of lignification {unknown}
 o - a potion of agility {unknown}
Comestibles
 d - 3 rations
 i - a chunk of flesh


   Skills:
 - Level 1.0 Fighting
 - Level 1.7 Dodging
 + Level 4.1 Unarmed Combat
 - Level 2.0 Spellcasting
 - Level 1.7 Transmutations
 + Level 1.1 Poison Magic


You couldn't memorise any spells.
You knew the following spells:

 Your Spells              Type           Power        Failure   Level  Hunger
a - Beastly Appendage     Tmut           #.....       16%         1    ##.....
l - Sticks to Snakes      Tmut           #.......     22%         2    ###....
p - Spider Form           Tmut/Pois      #.........   45%         3    ####...

Your spell library contained the following spells:

 Spells                   Type           Power        Failure   Level  Hunger
 Blade Hands              Tmut           #.........   99%         5    ######.
 Ice Form                 Ice/Tmut       #.......     91%         4    #####..


Dungeon Overview and Level Annotations

Branches:
Dungeon (3/15)

Altars:


Innate Abilities, Weirdness & Mutations

You are partially covered in thin metallic scales. (AC +2)
You sometimes gain a little power by taking damage.


Message History

Unknown command.
You miss the leopard gecko. The leopard gecko bites you.
Unknown command.
You barely miss the leopard gecko. You punch the leopard gecko.
The leopard gecko is heavily wounded.
The leopard gecko barely misses you. The gnoll hits you with a whip.
The gnoll closely misses you.
Unknown command.
You barely miss the leopard gecko.
The leopard gecko is heavily wounded.
The leopard gecko bites you. The gnoll hits you with a whip!
* * * LOW HITPOINT WARNING * * *
You block the leopard gecko's attack. The gnoll barely misses you.
Unknown command.
Unknown command.
It was a potion of flight.
You feel very buoyant.
You fly up into the air.
The gnoll barely misses you. The leopard gecko bites you.
You die...

#.........#
#..#
#......#..#
#..#
#......#..#
#..#
########..#
#<.#
#......#
##.#
#.....g####
#.#
#....gg.g.#
#.#
#=....###g#
..# #..g..
#@# ###
#..... #l#
#gg... #.#
..g!... #.#
....... #.#
..# ..# ..#


You could see 2 gnolls and a leopard gecko.

Vanquished Creatures
  3 adders
  2 dart slugs
  4 leopard geckos
  2 giant cockroaches (D:2)
  3 goblins
  3 hobgoblins
  2 kobolds
  2 bats (D:1)
  A frilled lizard (D:1)
  2 rats (D:2)
24 creatures vanquished.

Notes
Turn   | Place    | Note
-------+----------+-------------------------------------------
     0 | D:1      | letownia2 the Demonspawn Transmuter began the quest for the Orb.
     0 | D:1      | Reached XP level 1. HP: 15/15 MP: 3/3
    67 | D:1      | Reached skill level 3 in Unarmed Combat
    73 | D:1      | Gained mutation: You sometimes gain a little power by taking damage. [demonic ancestry]
    73 | D:1      | Reached XP level 2. HP: 16/21 MP: 3/5
   209 | D:2      | Learned a level 2 spell: Sticks to Snakes
   314 | D:2      | Gained mutation: You are partially covered in thin metallic scales. (AC +2) [demonic ancestry]
   314 | D:2      | Reached XP level 3. HP: 19/26 MP: 4/6
   342 | D:2      | Learned a level 3 spell: Spider Form
   377 | D:2      | Reached skill level 4 in Unarmed Combat
   467 | D:3      | Reached skill level 1 in Poison Magic
   539 | D:2      | HP: 1/26 [gnoll/whip (8)]
   540 | D:2      | Slain by a leopard gecko

Skill      XL: |  1  2  3 |
---------------+----------+-----
Unarmed Combat | 3 4 |  4.1
Poison Magic   | 1 |  1.1
Fighting       | |  1.0
Dodging        | |  1.7
Spellcasting   | |  2.0
Transmutations | |  1.7

Action                   || total
-------------------------++-------
Melee: Unarmed           ||    69
       Headbutt          ||     2
       Kick              ||     4
       Punch             ||     2
Throw: Javelin           ||     8
 Cast: Beastly Appendage ||    14
       Sticks to Snakes  ||     1
  Use: Potion            ||     1
 Stab: Distracted        ||     1
Armor: Robe              ||     7
       Leather armour    ||     2
Dodge: Dodged            ||    44
Block: Other             ||    12
